 Dungeon Crawl Stone Soup version 0.20.1-1-g8b1a95d (webtiles) character file.

63562 seyes the Fighter (level 14, 115/115 HPs)
             Began as a Demonspawn Gladiator on Aug 2, 2017.
             Was a High Priest of Okawaru.
             Quit the game on level 2 of the Orcish Mines on Aug 4, 2017.
             The game lasted 03:30:19 (23610 turns).

seyes the Fighter (Demonspawn Gladiator)           Turns: 23610, Time: 03:30:19

Health: 115/115    AC: 38    Str: 22    XL:     14   Next: 68%
Magic:  20/20      EV: 10    Int: 15    God:    Okawaru [*****.]
Gold:   2159       SH:  7    Dex: 19    Spells: 13/13 levels left

rFire    + . .     SeeInvis .   i - +3 long sword (flame)
rCold    + + +     Gourm    .   x - +1 buckler of Feasting {*Slow Regen+ Str+6 Int+4}
rNeg     . . .     Faith    .   K - +9 scales of the Dragon King {rPois rF+ rC+ MR+}
rPois    +         Spirit   +   I - +0 helmet
rElec    .         Reflect  .   J - +0 cloak
rCorr    .         Harm     .   L - +0 pair of gloves
MR       ++...                  M - +0 pair of boots
Stlth    ..........             y - amulet of magic regeneration
Regen    0.7/turn               G - ring "Erah" {rC+ AC+6}
MPRegen  0.5/turn               X - ring of protection from cold

@: no status effects
A: claws 1, thin skeletal structure 1, blurry vision 1, foul stench 1, magic
shield, magic regeneration, magic link, rot immunity
a: Heroism, Finesse, Renounce Religion


You were on level 2 of the Orcish Mines.
You worshipped Okawaru.
Okawaru was extremely pleased with you.
You were not hungry.

You visited 4 branches of the dungeon, and saw 19 of its levels.
You visited the Abyss 1 time.
You also visited: Labyrinth.

You collected 2159 gold pieces.

Inventory:

Hand Weapons
 b - a +3 dagger of electrocution
 h - a +2 scimitar of draining
 i - a +3 long sword of flaming (weapon)
Missiles
 e - 2 javelins of returning
 j - 397 stones
 u - a steel javelin
 A - 24 tomahawks (quivered)
 C - 2 javelins of penetration
Armour
 d - a +2 robe of positive energy
 g - a +3 leather armour
 n - a +1 leather armour of poison resistance
 t - a +2 robe of magic resistance
 x - the +1 buckler of Feasting (worn) {*Slow Regen+ Str+6 Int+4}
   (Okawaru gifted it to you on level 6 of the Lair of Beasts)

   It affects your strength (+6).
   It affects your intelligence (+4).
   It increases your rate of regeneration.
   It may slow you when you take damage.
 I - a +0 helmet (worn)
 J - a +0 cloak (worn)
 K - the +9 scales of the Dragon King (worn) {rPois rF+ rC+ MR+}
   (You found it on level 8 of the Dungeon)

   It protects you from fire.
   It protects you from cold.
   It protects you from poison.
   It affects your resistance to hostile enchantments.
 L - a +0 pair of gloves (worn)
 M - a +0 pair of boots (worn)
Jewellery
 y - an amulet of magic regeneration (around neck)
 G - the ring "Erah" (left hand) {rC+ AC+6}
   (You found it on level 6 of the Dungeon)

   [ring of protection]

   It affects your AC (+6).
   It protects you from cold.
 X - a ring of protection from cold (right hand)
Wands
 a - a wand of clouds (5/9)
 W - a wand of digging (9/24)
Scrolls
 o - a scroll of magic mapping
 p - a scroll of recharging
 q - 2 scrolls of remove curse
 N - 4 scrolls of teleportation
 O - 2 scrolls of blinking
 Y - 3 scrolls of identify
Potions
 k - a potion of flight
 m - 2 potions of berserk rage
 z - 2 potions of cancellation
 R - 2 potions of heal wounds
 S - 7 potions of curing
Comestibles
 c - 8 chunks of flesh
 f - 5 bread rations
 l - 11 meat rations
 r - a royal jelly
 s - 18 fruits


   Skills:
 + Level 12.1 Fighting
 + Level 12.1 Long Blades
 - Level 5.0 Throwing
 + Level 10.1 Armour
 + Level 11.2 Dodging
 - Level 7.0 Shields
 - Level 9.0 Invocations


You had 13 spell levels left.
You didn't know any spells.

Dungeon Overview and Level Annotations

Branches:
Dungeon (10/15)            Temple (1/1) D:5            Lair (6/6) D:8
  Swamp (0/4) Lair:4        Snake (0/4) Lair:4        Slime (0/5) Lair:6
    Orc (2/2) D:9             Elf (0/3) Orc:2

Altars:
Ashenzari
Cheibriados
Dithmenos
Elyvilon
Fedhas
Kikubaaqudgha
Makhleb
Nemelex Xobeh
Okawaru
Qazlal
Sif Muna
Trog
Uskayaw
Vehumet
Yredelemnul
Zin
The Shining One
Beogh

Shops:
Orc:2 [([:!

Annotations:
Lair:4 exclusion: oklob plant


Innate Abilities, Weirdness & Mutations

You have sharp fingernails.
You have a somewhat thin skeletal structure. (Dex +2, Stealth)
You may emit foul miasma when damaged in melee.
When hurt, damage is shared between your health and your magic reserves.
You regenerate magic rapidly.
When low on magic, you restore magic in place of health.
You are immune to rotting.
Scrolls take you a little longer to read.


Message History

Unknown command.
Unknown command.
There is an entrance to Igeudetewn's Antique Armour Shoppe here.
Unknown command.
Unknown command.
Unknown command.
Unknown command.
Unknown command.
Unknown command.
Unknown command.
Unknown command.
(D) Dungeon (T) Temple (L) Lair (S) Swamp (P) Snake Pit (M) Slime Pits (O) Orcish Mines (E) Elven Halls
Where to? (Enter - Orc:2 @ (x,y), ? - help)
Okay, then.
Unknown command.
Unknown command.
Unknown command.
Unknown command.
Are you sure you want to abandon this character and quit the game? (Confirm with "yes".)

..........#...'.).'...#)##..##...
......[.))#...#...#...#.###..##..
..#.....#)#####.8.#####(####..###
...#....#.#...#...#...#.##.##....
..####.##.#...'...'...#[#......#[
...# ####.#...#...#...#)##.##...)
..## #.#####...#####.####.#...
.## #..###8...8###..# #....## ##
##.##∩..@..∩##.#####...##
#..###._.###..#.##....#.
##...#####...#).......#.
##.........###.......#_
########### ##......#. ##..#..#.
##..###.## #....##.##
####.....#...


There were no monsters in sight!

Vanquished Creatures
  A cacodemon (Abyss:1)
  An orc warlord (Orc:2)
  A stone giant (Orc:2)
  A dire elephant (Lair:6)
  Snorg (Lair:6)
  A minotaur (Lab)
  The ghost of Nublet the Grappler, a journeyman TrBe of Trog (Lab)
  7 hydras
  The ghost of rozman the Grappler, a novice TrEE of Okawaru (D:9)
  3 two-headed ogres
  A catoblepas (Lair:6)
  Nergalle (Orc:1)
  An orc high priest (Orc:2)
  An orc knight (Orc:2)
  A lindwurm (Lair:6)
  2 wolf spiders (Lair:6)
  An orc sorcerer (Orc:2)
  2 manticores (Lair:6)
  Maurice (D:8)
  A guardian serpent (Lair:4)
  2 black mambas (Lair:2)
  An ice statue (Lair:3)
  22 elephants
  Psyche (D:8)
  A stone giant skeleton (Abyss:1)
  12 spiny frogs
  An orange demon (Abyss:1)
  A torpor snail (Lair:6)
  5 rime drakes
  8 komodo dragons
  2 ice devils (Lair:2)
  A freezing wraith (Lair:3)
  3 trolls
  7 polar bears
  22 blink frogs
  8 dream sheep (Lair:6)
  10 hippogriffs
  22 yaks
  A ynoxinul (Abyss:1)
  A starcursed mass (Abyss:1)
  A wyvern (Lair:3)
  5 hungry ghosts
  3 steam dragons (D:6)
  8 basilisks
  2 large abominations (Abyss:1)
  A chaos spawn (Abyss:1)
  Edmund (D:5)
  3 wargs
  4 water moccasins
  10 porcupines
  33 orc warriors
  4 ice beasts
  An eye of draining (D:8)
  A sky beast (D:5)
  2 phantoms
  16 ogres
  A centaur (D:6)
  11 wolves
  7 crocodiles
  9 bullfrogs
  4 scorpions
  5 wights (D:7)
  3 howler monkeys (D:9)
  4 crimson imps
  2 centaur zombies
  4 jellies (Lair:6)
  4 bullfrog zombies
  3 hounds
  2 centaur skeletons
  21 orc priests
  4 iguanas
  Ijyb (D:3)
  20 orc wizards
  5 worker ants
  A hound zombie (D:6)
  A hound skeleton (D:7)
  A howler monkey skeleton (D:5)
  15 adders
  A shadow imp (D:7)
  4 white imps
  6 oozes
  A worm (D:3)
  A dart slug (D:3)
  11 leopard geckos
  104 orcs
  3 giant cockroaches
  10 goblins
  A hobgoblin (D:1)
  2 jackals (D:6)
  6 kobolds
  A quokka (D:4)
  A ball python (D:5)
  7 bats
  7 frilled lizards
  2 jackal skeletons
  A leopard gecko skeleton (D:4)
  7 rats
560 creatures vanquished.

Vanquished Creatures (collateral kills)
  A hippogriff (Lair:2)
1 creature vanquished.

Vanquished Creatures (others)
  A hobgoblin (D:3)
  A demonic plant (Abyss:1)
  5 fungi
  3 plants
10 creatures vanquished.

Grand Total: 571 creatures vanquished

Notes
Turn   | Place    | Note
-------+----------+-------------------------------------------
     0 | D:1      | seyes the Demonspawn Gladiator began the quest for the Orb.
     0 | D:1      | Reached XP level 1. HP: 16/16 MP: 1/1
   157 | D:1      | Gained mutation: When hurt, damage is shared between your health and your magic reserves. [demonic ancestry]
   157 | D:1      | Reached XP level 2. HP: 22/22 MP: 2/2
   734 | D:2      | Reached XP level 3. HP: 27/27 MP: 3/3
  1266 | D:2      | Reached XP level 4. HP: 32/33 MP: 2/4
  1930 | D:3      | Noticed Ijyb
  1939 | D:3      | Killed Ijyb
  1942 | D:3      | Reached skill level 5 in Long Blades
  3060 | D:3      | Gained mutation: You regenerate magic rapidly. [demonic ancestry]
  3060 | D:3      | Reached XP level 5. HP: 21/38 MP: 3/5
  3799 | D:4      | Gained mutation: When low on magic, you restore magic in place of health. [demonic ancestry]
  3799 | D:4      | Reached XP level 6. HP: 46/46 MP: 6/6
  3945 | D:4      | Found a shadowy altar of Dithmenos.
  3946 | D:4      | Found a bloodstained altar of Trog.
  4399 | D:5      | Entered Level 5 of the Dungeon
  4611 | D:5      | Found a staircase to the Ecumenical Temple.
  4671 | Temple   | Entered the Ecumenical Temple
  4734 | Temple   | Became a worshipper of Warmaster Okawaru
  4813 | D:5      | Noticed a yak
  4813 | D:5      | Noticed a yak
  4815 | D:5      | Noticed a yak
  4816 | D:5      | Reached XP level 7. HP: 49/52 MP: 7/7
  4820 | D:5      | Noticed Edmund
  4842 | D:5      | Killed Edmund
  4844 | D:5      | Killed a yak
  4844 | D:5      | Reached * piety under Okawaru
  4857 | D:5      | Killed a yak
  4864 | D:5      | Killed a yak
  4864 | D:5      | Gained mutation: You have sharp fingernails. [demonic ancestry]
  4864 | D:5      | Reached XP level 8. HP: 48/60 MP: 6/8
  5090 | D:5      | Reached skill level 5 in Dodging
  5373 | D:5      | Found an ancient bone altar of Kikubaaqudgha.
  5639 | D:6      | Reached skill level 5 in Fighting
  5669 | D:6      | Got a flickering iron ring
  5670 | D:6      | Identified the ring "Erah" {rC+ AC+6} (You found it on level 6 of the Dungeon)
  5755 | D:6      | Reached skill level 5 in Throwing
  5830 | D:6      | Reached skill level 1 in Invocations
  6029 | D:6      | Reached ** piety under Okawaru
  6273 | D:6      | Reached skill level 1 in Armour
  6273 | D:6      | Reached XP level 9. HP: 66/68 MP: 8/10
  7269 | D:7      | You fall through a shaft for 2 floors!
  7293 | D:9      | Noticed a two-headed ogre
  7308 | D:9      | Killed a two-headed ogre
  7308 | D:9      | Reached skill level 5 in Invocations
  7317 | D:9      | Reached *** piety under Okawaru
  7376 | D:10     | Entered Level 10 of the Dungeon
  7450 | D:9      | Found a roughly hewn altar of Beogh.
  7450 | D:9      | Found a staircase to the Orcish Mines.
  7680 | D:9      | Reached XP level 10. HP: 71/77 MP: 10/13
  7843 | D:8      | Found a staircase to the Lair.
  7843 | D:8      | Noticed an elephant
  7967 | D:8      | Noticed Psyche
  7982 | D:8      | Cast into level 1 of the Abyss (Psyche)
  8037 | Abyss:1  | Noticed a starcursed mass
  8052 | Abyss:1  | Noticed a glowing orange brain
  8100 | Abyss:1  | Killed a starcursed mass
  8245 | Abyss:1  | Noticed a tentacled starspawn
  8264 | Abyss:1  | Noticed an orange demon
  8265 | Abyss:1  | Noticed a wretched star
  8269 | Abyss:1  | Noticed an Executioner
  8277 | Abyss:1  | Killed an orange demon
  8334 | Abyss:1  | Noticed a wretched star
  8348 | Abyss:1  | Noticed an orange demon
  8408 | Abyss:1  | Noticed a cacodemon
  8420 | Abyss:1  | Gained mutation: Scrolls take you much longer to read. [a cacodemon]
  8439 | Abyss:1  | Reached **** piety under Okawaru
  8455 | Abyss:1  | Killed a cacodemon
  8455 | Abyss:1  | Received a gift from Okawaru
  8455 | Abyss:1  | Reached skill level 5 in Armour
  8467 | D:8      | Escaped the Abyss
  8470 | D:8      | Killed Psyche
  8838 | D:8      | Killed an elephant
  9014 | D:8      | Reached XP level 11. HP: 86/86 MP: 14/14
  9949 | D:8      | Noticed Maurice
  9957 | D:8      | Killed Maurice
 10121 | D:8      | Noticed a two-headed ogre
 10134 | D:8      | Killed a two-headed ogre
 10134 | D:8      | Received a gift from Okawaru
 10518 | D:9      | Noticed a two-headed ogre
 10530 | D:9      | Killed a two-headed ogre
 10530 | D:9      | Reached ***** piety under Okawaru
 10697 | D:9      | Noticed rozman's ghost (novice TrEE)
 10739 | D:9      | Killed rozman's ghost
 10739 | D:9      | Received a gift from Okawaru
 10914 | Lair:1   | Entered Level 1 of the Lair of Beasts
 11099 | Lair:1   | Noticed an eight-headed hydra
 11112 | Lair:1   | Killed an eight-headed hydra
 11270 | Lair:2   | Received a gift from Okawaru
 11373 | Lair:2   | Found a labyrinth entrance.
 11405 | Lab      | Entered a labyrinth
 11965 | Lab      | Noticed Nublet's ghost (journeyman TrBe)
 12010 | Lab      | Killed Nublet's ghost
 12010 | Lab      | Gained mutation: You have a somewhat thin skeletal structure. (Dex +2, Stealth) [demonic ancestry]
 12010 | Lab      | Reached XP level 12. HP: 51/96 MP: 8/17
 12040 | Lab      | Received a gift from Okawaru
 12558 | Lab      | Noticed a minotaur
 12574 | Lab      | Killed a minotaur
 12574 | Lab      | Reached skill level 10 in Long Blades
 12952 | Lair:1   | Received a gift from Okawaru
 13869 | Lair:2   | Received a gift from Okawaru
 14099 | Lair:2   | Noticed an eight-headed hydra
 14114 | Lair:2   | Killed a one-headed hydra
 14278 | Lair:2   | Reached skill level 10 in Fighting
 14304 | Lair:2   | Received a gift from Okawaru
 15090 | Lair:3   | Received a gift from Okawaru
 15413 | Lair:3   | Noticed an eight-headed hydra
 15425 | Lair:3   | Killed a two-headed hydra
 15425 | Lair:3   | Reached skill level 10 in Dodging
 15550 | Lair:3   | Gained mutation: You are immune to rotting. [demonic ancestry]
 15550 | Lair:3   | Reached XP level 13. HP: 104/104 MP: 19/19
 16072 | Lair:3   | Got a pitted scale mail
 16075 | Lair:3   | Identified the cursed +0 scale mail of Life {Dex+3} (You found it on level 3 of the Lair of Beasts)
 16262 | Lair:3   | Received a gift from Okawaru
 16445 | Lair:3   | Received a gift from Okawaru
 16454 | Lair:3   | Got a thick robe {god gift}
 16469 | Lair:3   | Identified the +1 robe "Veesuos" {rF+ Dex+3 Slay+3} (Okawaru gifted it to you on level 3 of the Lair of Beasts)
 16799 | Lair:4   | Found a staircase to the Swamp.
 17339 | Lair:4   | Found a staircase to the Snake Pit.
 17350 | Lair:4   | Reached skill level 1 in Shields
 18775 | Lair:6   | Entered Level 6 of the Lair of Beasts
 18787 | Lair:6   | Noticed Snorg
 18797 | Lair:6   | Killed Snorg
 19053 | Lair:6   | Reached skill level 5 in Shields
 19345 | Lair:6   | Received a gift from Okawaru
 19479 | Lair:6   | Received a gift from Okawaru
 19479 | Lair:6   | Gained mutation: You may emit foul miasma when damaged in melee. [demonic ancestry]
 19479 | Lair:6   | Reached XP level 14. HP: 81/113 MP: 14/20
 19522 | Lair:6   | Found a staircase to the Slime Pits.
 20010 | Lair:6   | Received a gift from Okawaru
 20023 | Lair:6   | Got a transparent buckler {god gift}
 20046 | Lair:6   | Identified the +1 buckler of Feasting {*Slow Regen+ Str+6 Int+4} (Okawaru gifted it to you on level 6 of the Lair of Beasts)
 20655 | Lair:6   | Got a twisted arbalest
 20937 | Orc:1    | Entered Level 1 of the Orcish Mines
 21162 | Orc:1    | Noticed Nergalle
 21206 | Orc:1    | Killed Nergalle
 21461 | Orc:2    | Entered Level 2 of the Orcish Mines
 21557 | Orc:2    | Found Uherch's Book Emporium.
 21843 | Orc:2    | Found a roughly hewn altar of Beogh.
 21909 | Orc:2    | Found a roughly hewn altar of Beogh.
 22315 | Orc:2    | Found a roughly hewn altar of Beogh.
 22336 | Orc:2    | Found Deixusytt's Distillery.
 22417 | Orc:2    | Found a roughly hewn altar of Beogh.
 22417 | Orc:2    | Found Gebuh's Antique Armour Emporium.
 22673 | Orc:2    | Found a roughly hewn altar of Beogh.
 22736 | Orc:2    | Found a staircase to the Elven Halls.
 23250 | Orc:2    | Noticed a stone giant
 23269 | Orc:2    | Killed a stone giant
 23269 | Orc:2    | Reached skill level 10 in Armour
 23397 | Orc:2    | Noticed an orc warlord
 23518 | Orc:2    | Killed an orc warlord
 23590 | Orc:2    | Found Runtoche's Antique Weapon Emporium.
 23590 | Orc:2    | Found a roughly hewn altar of Beogh.
 23591 | Orc:2    | Found Igeudetewn's Antique Armour Shoppe.
 23610 | Orc:2    | Quit the game

Skill      XL: |  1  2  3  4  5  6  7  8  9 10 11 12 13 14 |
---------------+-------------------------------------------+-----
Long Blades    | 3 4 5 6 7 8 9 10 11 12 | 12.1
Dodging        | 3 4 5 6 8 9 10 11 | 11.2
Throwing       | 2 3 4 5 |  5.0
Fighting       | 3 4 5 6 8 9 10 11 12 | 12.1
Invocations    | 2 5 7 9 |  9.0
Armour         | 1 3 5 6 8 9 10 | 10.1
Shields        | 6 7 |  7.0

Action                   |  1- 3 |  4- 6 |  7- 9 | 10-12 | 13-15 || total
-------------------------+-------+-------+-------+-------+-------++-------
Melee: Long sword        |    38 |    57 |     7 |   351 |  1038 ||  1491
       Dagger            |    31 |   131 |   328 |   572 |   170 ||  1232
       Punch             |       |       |     3 |    16 |       ||    19
 Fire: Hunting sling     |       |       |     6 |    11 |       ||    17
Throw: Stone             |    32 |    24 |    54 |    47 |    11 ||   168
       Throwing net      |       |     2 |     1 |     3 |       ||     6
       Tomahawk          |       |       |     1 |    48 |    56 ||   105
       Javelin           |       |       |       |     1 |    10 ||    11
Invok: Heroism           |       |       |    13 |    34 |    31 ||    78
       Finesse           |       |       |       |     8 |     8 ||    16
Evoke: Wand              |       |       |     4 |     1 |     1 ||     6
  Use: Scroll            |       |     8 |     6 |     9 |     6 ||    29
       Potion            |       |       |     3 |     4 |     2 ||     9
 Stab: Held in net/web   |       |       |       |     3 |       ||     3
       Confused          |       |       |       |       |     7 ||     7
  Eat: Chunk             |       |    12 |    10 |    23 |    24 ||    69
       Royal jelly       |       |       |       |     5 |     1 ||     6
       Fruit             |       |       |       |    10 |     1 ||    11
Armor: Leather armour    |    15 |     1 |       |       |       ||    16
       Ring mail         |       |    48 |    68 |    17 |       ||   133
       Gold dragon scale |       |       |       |   567 |   694 ||  1261
Dodge: Dodged            |    47 |    84 |   160 |   196 |   294 ||   781
Block: Shield            |       |       |       |       |   195 ||   195
       Buckler           |       |       |       |       |   104 ||   104
       Rpst.: Long sword |     9 |     7 |     1 |    18 |    70 ||   105
